 Dungeon Crawl Stone Soup version bcrawl-1.21.2-28-g2cb1824106 (webtiles) character file.

Game seed: 16663471629602573255

222 MisterOstroum the Chiller (level 5, -3/38 HPs)
             Began as a Djinni Ice Elementalist on Mar 7, 2020.
             Slain by a kobold
             ... wielding a +0 dagger
              (5 damage)
             ... on level 3 of the Dungeon.
             The game lasted 00:05:46 (4118 turns).

MisterOstroum the Chiller (Djinni Ice Elementalist) Turns: 4118, Time: 00:05:47

Health: -3/38      AC:  3    Str: 11    XL:     5   Next: 66%
Magic:  5/10       EV: 12    Int: 18    God:
Gold:   169        SH:  0    Dex: 11    Spells: 6/11 levels left

rFire    . . .     SeeInvis .   b - +0 short sword (drain)
rCold    . . .     Gourm    .   (no shield)
rNeg     . . .     Faith    .   a - +1 robe
rPois    .         Spirit   .   (no helmet)
rElec    .         Reflect  .   (no cloak)
rCorr    .         Harm     .   (no gloves)
MR       .....     Rnd*Rage +   (boots unavailable)
Stlth    ++........             (no amulet)
HPRegen  0.12/turn              (no ring)
MPRegen  0.12/turn              (no ring)

@: lethally poisoned (-3 -> -8), flying, very slightly contaminated
A: never pass out, berserk 2, blink, blurry vision 2, wild magic 2, MP-powered
wands, floating
a: Blink


You were on level 3 of the Dungeon.
You were not hungry.

You visited 1 branch of the dungeon, and saw 3 of its levels.

You collected 169 gold pieces.

Inventory:

Hand Weapons
 b - a +0 short sword of draining (weapon)
 g - a +0 dagger
 n - a +0 long sword
Missiles
 d - 56 tomahawks
 f - 517 stones (quivered)
Armour
 a - a +1 robe (worn)
Jewellery
 m - an uncursed ring of stealth {unknown}
Wands
 c - a wand of iceblast (1)
Scrolls
 h - 3 scrolls of enchant armour
 i - a scroll of enchant weapon {unknown}
 j - a scroll of immolation
 k - 2 scrolls of magic mapping {unknown}
 l - a scroll of teleportation {@r3 !r}
 o - a scroll of remove curse {@r2}
 p - a scroll of fear {unknown}
Comestibles
 e - 5 rations {!d}


   Skills:
 + Level 0.1 Fighting
 - Level 2.2 Short Blades
 - Level 2.0 Dodging
 - Level 1.5 Stealth
 + Level 3.5 Spellcasting
   Level 1.1 Conjurations
 * Level 1.7 Summonings
 * Level 5.2 Ice Magic
 - Level 0.1 Evocations


You had 6 spell levels left.
You knew the following spells:

 Your Spells              Type           Power        Failure   Level  Hunger
a - Freeze                Ice            #####.       6%          1    None
b - Summon Ice Beast      Ice/Summ       ####....     54%         4    ####...

Your spell library contained the following spells:

 Spells                   Type           Power        Failure   Level  Hunger
 Throw Frost              Conj/Ice       ###...       6%          2    ##.....
 Ozocubu's Armour         Chrm/Ice       ###.....     30%         3    ###....
 Throw Icicle             Conj/Ice       ###.....     56%         4    ####...


Dungeon Overview and Level Annotations

Branches:
Dungeon (3/12)

Altars:
Cheibriados
Elyvilon
Vehumet
Wu Jian
The Shining One


Innate Abilities, Weirdness & Mutations

You never pass out after going berserk.
You often lose your temper in combat.
You can translocate small distances at will.
Scrolls take you longer to read.
Your spells are harder to cast, but more powerful.
You expend magic power (3 MP) to strengthen your wands.
Your body floats in the air.


Message History

You are too injured to fight recklessly!
You are too injured to fight recklessly!
You are too injured to fight recklessly!
You are too injured to fight recklessly!
You are too injured to fight recklessly!
You are too injured to fight recklessly!
You are too injured to fight recklessly!
You are too injured to fight recklessly!
You are too injured to fight recklessly!
You are too injured to fight recklessly!
You are too injured to fight recklessly!
You are too injured to fight recklessly!
You are too injured to fight recklessly!
You are too injured to fight recklessly!
You are too injured to fight recklessly!
The jackal misses you.
The jackal closely misses you. x2; The adder bites you.
You feel sick. The jackal bites you. The jackal barely misses you.
The jackal closely misses you. The jackal bites you.
You feel sick. The adder bites you but does no damage.
Casting: Freeze (safe; 6% risk of failure)
Confirm with . or Enter, or press ? or * to list all spells.
Aiming: Freeze (safe; 6% risk of failure)
Press: ? - help, Shift-Dir - straight line, f - adder
Aim: an adder (heavily wounded)
You freeze the adder!
You kill the adder!
Casting: Freeze (safe; 6% risk of failure)
Confirm with . or Enter, or press ? or * to list all spells.
Aiming: Freeze (safe; 6% risk of failure)
Press: ? - help, Shift-Dir - straight line, f - jackal
Aim: a jackal You freeze the jackal!
You kill the jackal!
The jackal bites you.
* * * LOW HITPOINT WARNING * * *
The jackal bites you but does no damage.
Casting: Freeze (safe; 6% risk of failure)
Confirm with . or Enter, or press ? or * to list all spells.
Aiming: Freeze (safe; 6% risk of failure)
Press: ? - help, Shift-Dir - straight line, f - jackal
Aim: a jackal You freeze the jackal.
The jackal is almost dead.
You feel sick.
The jackal bites you but does no damage.
The jackal bites you.
* * * LOW HITPOINT WARNING * * *
Casting: Freeze (safe; 6% risk of failure)
Confirm with . or Enter, or press ? or * to list all spells.
Aiming: Freeze (safe; 6% risk of failure)
Press: ? - help, Shift-Dir - straight line, f/p - jackal
Aim: a jackal (almost dead)
You miscast Freeze.
You are very lightly contaminated with residual magic.
Wisps of condensation drift from your hands.
The jackal bites you but does no damage.
The jackal bites you.
* * * LOW HITPOINT WARNING * * *
You barely miss the jackal.
The jackal is severely wounded.
The jackal closely misses you. The jackal barely misses you.
The jackal misses you.
The jackal bites you but does no damage.
You closely miss the jackal.
The jackal is severely wounded.
The jackal barely misses you. The jackal closely misses you.
You aren't carrying any potions.
You hit the jackal but do no damage. You drain the jackal.
You kill the jackal!
You feel sick. The jackal misses you. The jackal bites you.
* * * LOW HITPOINT WARNING * * *
Casting: Freeze (safe; 6% risk of failure)
Confirm with . or Enter, or press ? or * to list all spells.
Aiming: Freeze (safe; 6% risk of failure)
Press: ? - help, Shift-Dir - straight line, f - jackal
Aim: a jackal You freeze the jackal!
You kill the jackal!
The kobold unwields a +0 dagger.
The kobold wields a +0 blowgun.
The kobold shoots a poisoned needle.
The poisoned needle hits you.
You are lethally poisoned!
A jackal comes into view.
The jackal barks!
You hit the kobold.
The kobold is severely wounded.
The kobold barely misses you.
Casting: Freeze (safe; 6% risk of failure)
Confirm with . or Enter, or press ? or * to list all spells.
Aiming: Freeze (safe; 6% risk of failure)
Press: ? - help, Shift-Dir - straight line, f - kobold
Aim: a kobold (severely wounded)
You freeze the kobold!
You kill the kobold!
* * * LOW HITPOINT WARNING * * *
You feel sick.
The kobold shoots a poisoned needle.
The poisoned needle misses you.
The kobold unwields a +0 blowgun.
The kobold wields a +0 dagger.
The kobold hits you with a +0 dagger.
You die...

##..###.#### #.###
.#...#..# ###...
.#.....## ##....# ...#.
..#...## ##.....# .....
#.....#####..#.#.# ...
###..........#.#.##.####
#......#.##........[..
###.....#>....#.#.#####
#...........###@#.#
#.#.......####.K..######
#.#..##8..8###.$.......#
##....#⌠....⌠#.....h....#
.....####..####.........#
.....##8....##.......=.)#
##.#..###..###..........#
.....###...._##....(....#
...### ##..###..........#


You could see a jackal and a kobold.

Vanquished Creatures
  2 orc wizards (D:3)
  A worker ant (D:2)
  A gnoll (D:1)
  An adder (D:3)
  2 oozes
  4 worms (D:2)
  4 dart slugs
  4 leopard geckos
  5 orcs (D:3)
  2 ball pythons
  5 bats
  A giant cockroach (D:2)
  9 goblins
  6 hobgoblins
  17 jackals
  4 kobolds
  3 quokkas
  3 frilled lizards
  6 rats
80 creatures vanquished.

Notes
Turn   | Place    | Note
-------+----------+-------------------------------------------
     0 | D:1      | MisterOstroum the Djinni Ice Elementalist began the quest
                  | for the Orb.
     0 | D:1      | Reached XP level 1. HP: 14/14 MP: 4/4
   589 | D:1      | Reached XP level 2. HP: 17/20 MP: 3/6
   801 | D:1      | Reached skill level 4 in Ice Magic
   848 | D:1      | Reached XP level 3. HP: 16/26 MP: 3/7
  1540 | D:2      | HP: 1/26 [goblin/stone (5)]
  2280 | D:2      | Gained mutation: Your spells are harder to cast, but more
                  | powerful. [Djinni growth]
  2280 | D:2      | Gained mutation: You can translocate small distances at
                  | will. [Djinni growth]
  2280 | D:2      | Reached XP level 4. HP: 31/33 MP: 1/8
  2364 | D:2      | Learned a level 4 spell: Summon Ice Beast
  2485 | D:2      | Reached skill level 5 in Ice Magic
  2610 | D:2      | Found a snail-covered altar of Cheibriados.
  2732 | D:2      | Reached skill level 1 in Summonings
  3635 | D:3      | Found a glowing golden altar of the Shining One.
  3679 | D:3      | Reached XP level 5. HP: 25/38 MP: 7/10
  3716 | D:3      | Reached skill level 1 in Short Blades
  4030 | D:3      | Found an ornate altar of the Wu Jian Council.
  4030 | D:3      | Found a white marble altar of Elyvilon.
  4032 | D:3      | Found a radiant altar of Vehumet.
  4118 | D:3      | Slain by a kobold

Skill      XL: |  1  2  3  4  5 |
---------------+----------------+-----
Ice Magic      | 4 5 |  5.2
Summonings     | 1 |  1.7
Short Blades   | 2 |  2.2
Fighting       | |  0.1
Dodging        | |  2.0
Stealth        | |  1.5
Spellcasting   | |  3.5
Conjurations   | |  1.1
Evocations     | |  0.1

Action                   |  1- 3 |  4- 6 || total
-------------------------+-------+-------++-------
Melee: Short sword       |     5 |    33 ||    38
       Unarmed           |     1 |       ||     1
       Dagger            |    43 |    63 ||   106
Throw: Stone             |    21 |    10 ||    31
 Cast: Freeze            |    53 |    34 ||    87
       Summon Ice Beast  |       |     1 ||     1
  Use: Scroll            |     1 |     3 ||     4
 Stab: Sleeping          |       |     2 ||     2
  Eat: Chunk             |     4 |     5 ||     9
       Ration            |       |     1 ||     1
Armor: Robe              |    12 |    29 ||    41
Dodge: Dodged            |    78 |    93 ||   171
